 Dungeon Crawl Stone Soup version 0.17-a0-1528-gfee3901 (webtiles) character file.

91 ourship the Firebug (level 4, -7/27 HPs)
             Began as an Octopode Fire Elementalist on July 16, 2015.
             Mangled by a scorpion (10 damage)
             ... on level 4 of the Dungeon on Jan 10, 2016.
             The game lasted 00:16:12 (2224 turns).

ourship the Firebug (Octopode Fire Elementalist)    Turns: 2224, Time: 00:16:12

Health: -7/27      AC:  1    Str:  7    XL:     4   Next: 59%
Magic:  2/8        EV: 12    Int: 18    God:
Gold:   105        SH:  0    Dex: 12    Spells: 3 memorised, 2 levels left

rFire  . . .     SeeInvis .     h - +0 hunting sling
rCold  . . .     Clarity  .     (no shield)
rNeg   . . .     SustAt   .     (helmet restricted)
rPois  .         Gourm    .     (no amulet)
rElec  .         Spirit   .     (no ring)
rCorr  .         Warding  .     (no ring)
rMut   .         Stasis   .     (no ring)
MR     .....                    (no ring)
Stlth  +++.......               (no ring)
                                (no ring)
                                (no ring)
                                (no ring)

@: lethally poisoned (-7 -> -13), not resistant to hostile enchantments, fairly
stealthy
A: almost no armour, amphibious, 8 rings, constrict 8, camouflage 1, gelatinous
body 1
a: no special abilities


You were on level 4 of the Dungeon.
You were not hungry.

You visited 1 branch of the dungeon, and saw 4 of its levels.

You collected 105 gold pieces.

Inventory:

Hand weapons
 h - a +0 hunting sling (weapon)
Missiles
 c - 104 stones (quivered)
Jewellery
 e - an uncursed ring of magical power {unknown}
 m - an uncursed ring of wizardry {unknown}
Magical devices
 k - a wand of paralysis (13)
Scrolls
 d - a scroll of teleportation {unknown}
 f - a scroll of enchant armour {unknown}
 p - a scroll of immolation {unknown}
Potions
 g - 2 potions of heal wounds {unknown}
 i - 2 potions of brilliance {unknown}
 j - 3 potions of agility {unknown}
Books
 a - a book of Flames

   Spells                             Type                      Level
   a - Flame Tongue                   Conjuration/Fire             1
   b - Throw Flame                    Conjuration/Fire             2
   c - Conjure Flame                  Conjuration/Fire             3
   d - Inner Flame                    Hexes/Fire                   3
   e - Sticky Flame                   Conjuration/Fire             4
   f - Fireball                       Conjuration/Fire             5
Comestibles
 b - 2 bread rations
 l - a beef jerky
 n - a meat ration
 o - a royal jelly
 q - a chunk of flesh


   Skills:
 - Level 0.6 Slings
 - Level 2.0 Dodging
 + Level 3.1 Stealth
 + Level 2.9 Spellcasting
 + Level 1.7 Conjurations
 + Level 4.0 Fire Magic


You had 2 spell levels left.
You knew the following spells:

 Your Spells              Type           Power        Failure   Level  Hunger
a - Flame Tongue          Conj/Fire      ##...        6%          1    None
b - Throw Flame           Conj/Fire      ##....       10%         2    ##.....
c - Conjure Flame         Conj/Fire      ##......     17%         3    ###....


Dungeon Overview and Level Annotations

Branches:
Dungeon (4/15)
 Temple: D:4-7

Altars:

Annotations:
D:2 Natasha


Innate Abilities, Weirdness & Mutations

You cannot wear most types of armour.
You are amphibious.
You can wear up to eight rings at the same time.
You can use your tentacles to constrict eight enemies at once.
Your skin changes colour to match your surroundings (Stealth).
Your rubbery body absorbs attacks (AC +1).


Message History

Aiming: Flame Tongue
Press: ? - help, Shift-Dir - straight line, f/p - scorpion
Aim: a scorpion (lightly wounded)
The flame tongue misses the scorpion.
The scorpion stings you.
Casting: Flame Tongue
Confirm with . or Enter, or press ? or * to list all spells.
Aiming: Flame Tongue
Press: ? - help, Shift-Dir - straight line, f/p - scorpion
Aim: a scorpion (lightly wounded)
The flame tongue hits the scorpion.
The scorpion appears unharmed.
The scorpion is lightly wounded.
The scorpion stings you!
* * * LOW HITPOINT WARNING * * *
You are lethally poisoned!
The scorpion poisons you!
* * * LOW HITPOINT WARNING * * *
You feel sick.
* * * LOW HITPOINT WARNING * * *
You feel sick. The scorpion stings you!
You die...

#>.....##.#
#......##.#
##....###.# ###### #.#
. #.# ##.. #s# ...
#### #.# ###.#
#..#####s#####...#
##........@.....####
#....#########.....###
### #....#
#####...####.< #....#
###..#...# ##..##
##...### #..# #####
####


You could see 2 scorpions.

Vanquished Creatures
  Natasha (D:2)
  2 adders
  An orc (D:4)
  10 bats (D:1)
  A giant cockroach (D:1)
  4 hobgoblins (D:1)
  2 quokkas (D:4)
  A ball python (D:2)
  2 giant newts
  6 goblins
  4 jackals (D:1)
  6 kobolds
  8 rats
48 creatures vanquished.

Notes
Turn   | Place    | Note
--------------------------------------------------------------
     0 | D:1      | ourship the Octopode Fire Elementalist began the quest for the Orb.
     0 | D:1      | Reached XP level 1. HP: 11/11 MP: 3/3
   406 | D:1      | Reached XP level 2. HP: 17/17 MP: 3/5
   845 | D:1      | Reached XP level 3. HP: 21/21 MP: 2/6
  1429 | D:2      | Noticed Natasha
  1436 | D:2      | Killed Natasha
  1436 | D:2      | Reached skill level 4 in Fire Magic
  1436 | D:2      | Reached XP level 4. HP: 18/27 MP: 3/7
  1582 | D:2      | Found a faded altar to an unknown god.
  1671 | D:2      | Noticed Natasha
  1731 | D:2      | You fall through a shaft!
  1775 | D:4      | Learned a level 2 spell: Throw Flame
  1779 | D:4      | Learned a level 3 spell: Conjure Flame
  2224 | D:4      | Mangled by a scorpion

Vault maps used:
D:1:      dpeg_arrival_simpleton_b
D:2:      minitemple, ecumenical_altar_2, uniq_natasha
D:3:      nicolae_dithmenos_through_a_glass_darkly
D:4:      old_forge, first_bread, uniq_grinder, uniq_blork_the_orc

Action                   |  1- 3 |  4- 6 || total
-------------------------+-------+-------++-------
Melee: Unarmed           |     1 |       ||     1
 Fire: Hunting sling     |    58 |    13 ||    71
 Cast: Flame Tongue      |    37 |    13 ||    50
       Throw Flame       |       |     3 ||     3
  Eat: Chunk             |     2 |     1 ||     3
       Pizza             |       |     1 ||     1
